 Dungeon Crawl Stone Soup version 0.30.1-11-g7821555f0a (webtiles) character file.

Game seed: 9292604174406872200

383 lonewolfV2 the Fighter (level 6, 0/62 HPs)
             Began as a Minotaur Fighter on Nov 10, 2023.
             Slain by Pikel
             ... wielding a +1 whip of flaming
              (4 damage)
             ... on level 5 of the Dungeon.
             The game lasted 00:04:45 (3169 turns).

lonewolfV2 the Fighter (Minotaur Fighter)           Turns: 3169, Time: 00:04:46

Health: 0/62       AC:  9    Str: 21    XL:     6   Next: 47%
Magic:  5/5        EV:  7    Int:  5    God:
Gold:   208        SH:  4    Dex: 11    Spells: 5/5 levels left

rFire   . . .        a - +0 war axe (elec)
rCold   . . .        c - +0 buckler
rNeg    . . .        i - +0 chain mail
rPois   .            (helmet restricted)
rElec   .            (no cloak)
rCorr   +            (no gloves)
SInv    .            (no boots)
Will    .....        (no amulet) Stlth
                     j - ring of resist corrosion
HPRegen 0.30/turn    (no ring)
MPRegen 0.09/turn

%: no passive effects
@: no status effects
A: horns 2, retaliatory headbutt
a: no special abilities


You were on level 5 of the Dungeon.
You visited 1 branch of the dungeon, and saw 5 of its levels.

You collected 208 gold pieces.

Inventory:

Hand Weapons
 a - a +0 war axe of electrocution (weapon)
Missiles
 g - a throwing net (quivered)
Armour
 c - a +0 buckler (worn)
 i - a +0 chain mail (worn)
Jewellery
 b - an amulet of magic regeneration
 j - a ring of resist corrosion (left hand)
Scrolls
 e - a scroll of brand weapon
 m - a scroll of torment
Potions
 d - a potion of might
 f - a potion of lignification
 h - a potion of degeneration
 k - 4 potions of haste
 l - a potion of mutation
 n - a potion of curing {unknown}
 p - a potion of ambrosia {unknown}


   Skills:
 * Level 8.9 Fighting
 - Level 2.4 Axes
 - Level 3.6 Armour
 - Level 3.6 Shields


You had 5 spell levels left.
You didn't know any spells.
Your spell library contained the following spells:

 Spells                   Type           Power      Damage    Failure   Level
 Apportation              Tloc           0%         N/A       99%         1
 Kiss of Death            Conj/Necr      0%         2d5       99%         1
 Necrotise                Necr           0%         1d4       99%         1
 Summon Small Mammal      Summ           0%         N/A       99%         1
 Confusing Touch          Hex            0%         N/A       100%        3
 Dispel Undead            Necr           0%         3d6       100%        4
 Summon Forest            Summ/Tloc      0%         N/A       100%        5
 Summon Mana Viper        Hex/Summ       0%         N/A       100%        5
 Summon Cactus Giant      Summ           0%         N/A       100%        6


Dungeon Overview and Level Annotations

Branches:
Dungeon (5/15)
 Temple: D:4-7

Altars:
Kikubaaqudgha

Annotations:
D:5 Pikel


Innate Abilities, Weirdness & Mutations

You have a pair of horns on your head.
You reflexively headbutt those who attack you in melee.


Message History

You closely miss Pikel. You headbutt Pikel.
Pikel is lightly wounded.
You hit the lemure but do no damage. x3; The lemure closely misses you.
Pikel zaps a wand.
The puff of flame hits you. The lemure hits you. x2
The lemure hits you but does no damage. x2; Pikel closely misses you.
The lemure hits you but does no damage.
You hit Pikel. Your headbutt misses Pikel.
Pikel is lightly wounded.
You closely miss the lemure. You barely miss the lemure. You slash the lemure!
You closely miss the lemure. The lemure barely misses you.
You block the lemure's attack. The lemure hits you but does no damage.
The lemure hits you!
Pikel hits you with a +1 whip of flaming!
Pikel burns you.
You hit Pikel. You headbutt Pikel!
Pikel is heavily wounded.
You hit the lemure but do no damage. Lightning courses through the lemure!
You kill the lemure!
That felt strangely unrewarding.
You hit the lemure but do no damage. You barely miss the lemure.
You closely miss the lemure. The lemure hits you but does no damage.
You block the lemure's attack. Pikel completely misses you.
You furiously retaliate!
You headbutt Pikel. The lemure closely misses you. You furiously retaliate!
You headbutt the lemure. You block the lemure's attack.
The lemure hits you but does no damage.
Pikel hits you with a +1 whip of flaming.
* * * LOW HITPOINT WARNING * * *
Pikel burns you.
* * * LOW HITPOINT WARNING * * *
The lemure barely misses you.
You closely miss Pikel.
Pikel is heavily wounded.
You hit the lemure but do no damage. Lightning courses through the lemure!
You closely miss the lemure. You hit the lemure.
The lemure hits you but does no damage. The lemure hits you.
* * * LOW HITPOINT WARNING * * *
Pikel hits you with a +1 whip of flaming!
* * * LOW HITPOINT WARNING * * *
Pikel burns you.
You die...

#.......####
#.........?..
#..>.........
#...........
##.........###
###............##
#...5.K.....<....
#5@5..........
#...$.<.......
#......$......
#.............
#.............
#....!....#.#.
#.........# #
#.######### ..


You could see Pikel and 3 lemures.

Vanquished Creatures
  An ogre (D:4)
  A lemure (D:5)
  A scorpion (D:2)
  A hound (D:4)
  2 iguanas (D:4)
  4 gnolls (D:2)
  3 adders
  4 dart slugs
  9 orcs
  5 bats
  4 endoplasms
  6 giant cockroaches
  8 goblins
  5 hobgoblins
  5 jackals (D:1)
  5 quokkas
  6 ball pythons
  4 frilled lizards (D:1)
  6 kobolds
  7 rats
87 creatures vanquished.

Notes
Turn   | Place    | Note
-------+----------+-------------------------------------------
     0 | D:1      | lonewolfV2 the Minotaur Fighter began the quest for the
                  | Orb.
     0 | D:1      | Reached XP level 1. HP: 19/19 MP: 0/0
    41 | D:1      | Reached skill level 4 in Fighting
    63 | D:1      | Reached XP level 2. HP: 27/28 MP: 1/1
   298 | D:1      | Reached skill level 5 in Fighting
   395 | D:1      | Reached XP level 3. HP: 35/36 MP: 2/2
   933 | D:2      | Reached skill level 6 in Fighting
   933 | D:2      | Reached XP level 4. HP: 34/44 MP: 3/3
   937 | D:2      | Found an ancient bone altar of Kikubaaqudgha.
  1035 | D:2      | Noticed a scorpion
  1039 | D:2      | Killed a scorpion
  1040 | D:2      | Reached skill level 7 in Fighting
  1040 | D:2      | Reached XP level 5. HP: 46/52 MP: 4/4
  1156 | D:2      | You fall into a shaft and drop 2 floors!
  1858 | D:3      | Identified the +4 ring mail of Qafaufy {-Tele Contam rC+++
                  | Regen+}
  2370 | D:4      | Noticed an ogre
  2376 | D:4      | Killed an ogre
  2377 | D:4      | Reached skill level 8 in Fighting
  2377 | D:4      | Reached XP level 6. HP: 47/61 MP: 5/5
  3155 | D:5      | Entered Level 5 of the Dungeon
  3158 | D:5      | Noticed Pikel
  3169 | D:5      | Slain by Pikel

Illustrated notes

Levels and vault maps discovered:
D:1:      elethiomel_arrival_infinity_welcomes_careful_drivers, layout_rooms,
          serial_aquarium, aquarium_bridge_square [aquarium_subvault_bridge,
          aquarium_subvault_bridge, aquarium_subvault_wall,
          aquarium_subvault_wall], aquarium_window_fake, aquarium_window_1,
          aquarium_window_1, aquarium_view_2f, aquarium_view_2d,
          minmay_misc_feat_more_columns, minmay_worlds_worst_comb
D:2:      layout_basic, basic_altar
D:3:      layout_rooms, hex_medium, st_stairs_12,
          amcnicky_mini_corridor_feature, minmay_door_square
D:4:      layout_cave_pools, fountainhead
D:5:      layout_rooms, uniq_ijyb, uniq_pikel, uniq_grinder, uniq_eustachio

Skill      XL: |  1  2  3  4  5 |
---------------+----------------+-----
Fighting       | 4 5 6 7 8 |  8.9
Axes           | |  2.4
Armour         | |  3.6
Shields        | |  3.6

Action                     |  1- 3 |  4- 6 || total
---------------------------+-------+-------++-------
  Melee: War axe           |    81 |   102 ||   183
         Headbutt          |    12 |    14 ||    26
    Use: Scroll            |     4 |     8 ||    12
 Armour: Scale mail        |    49 |     8 ||    57
         Chain mail        |       |    54 ||    54
  Dodge: Dodged            |    51 |    48 ||    99
  Block: Buckler           |    29 |    30 ||    59
